Map: Lerilak Crest

Players

Julebrygd

  • Race: Protoss Protoss

A.I. 1 (Very Hard) - Winner!

  • Race: Terran Terran

VOD

Have the link to the VOD?

Description

Time

  • Played on: Feb. 27, 2016, 3:13 a.m.
  • Length: 11:54
Show
View Real Time Build Order
Export as new Build Order

Julebrygd Protoss 

Build Orders: Colossus Rush 

Get SALT Encoding   

  12  0:02  Probe (Chrono Boost)  
  13  0:14  Probe (Chrono Boost)  
  14  0:25  Pylon  
  14  0:32  Probe (Chrono Boost)  
  15  0:47  Gateway  
  15  0:48  Probe (Chrono Boost)  
  16  0:53  Assimilator  
  16  0:58  Probe (Chrono Boost)  
  17  1:07  Assimilator  
  17  1:09  Probe (Chrono Boost)  
  18  1:19  Probe (Chrono Boost)  
  19  1:30  Probe (Chrono Boost)  
  19  1:32  Pylon  
  20  1:37  Cybernetics Core  
  20  1:40  Probe (Chrono Boost)  
  21  1:48  Zealot  
  21  1:51  Probe (Chrono Boost)  
  24  2:17  Nexus  
  24  2:23  Warp Gate  
  24  2:27  Adept  
  26  2:30  Probe (Chrono Boost)  
  26  2:49  Mothership Core (Chrono Boost)  
  28  2:57  Gateway  
  28  3:06  Robotics Facility  
  30  3:13  Sentry  
  30  3:28  Probe (Chrono Boost)  
  30  3:30  Probe (Chrono Boost)  
  30  3:31  Pylon  
  32  3:38  Probe (Chrono Boost)  
  32  3:41  Probe (Chrono Boost)  
  34  3:56  Adept x2  
  34  3:59  Immortal  
  42  4:04  Probe (Chrono Boost)  
  42  4:05  Probe (Chrono Boost)  
  44  4:23  Pylon  
  44  4:26  Robotics Bay  
  44  4:28  Probe x2 (Chrono Boost)  
  46  4:33  Assimilator  
  46  4:39  Pylon  
  46  5:12  Probe x2 (Chrono Boost)  
  48  5:15  Observer  
  49  5:36  Colossus  
  49  5:41  Stalker x2  
  59  5:54  Pylon  
  59  5:58  Pylon, Probe x2 (Chrono Boost)  
  59  6:01  Assimilator  
  61  6:08  Probe (Chrono Boost)  
  61  6:09  Forge  
  63  6:11  Forge, Probe (Chrono Boost)  
  63  6:14  Gateway  
  63  6:15  Gateway  
  63  6:18  Adept x2  
  63  6:19  Probe (Chrono Boost)  
  63  6:22  Probe (Chrono Boost)  
  69  6:29  Disruptor  
  72  6:42  Extended Thermal Lance  
  72  6:58  Sentry x2  
  76  7:05  Disruptor  
  76  7:06  Protoss Ground Weapons Level 1  
  79  7:10  Protoss Ground Armor Level 1  
  79  7:18  Pylon  
  79  7:23  Pylon  
  79  7:29  Stalker  
  81  7:30  Pylon, Stalker  
  81  7:34  Twilight Council, Adept  
  85  7:38  Adept  
  87  8:11  Stalker x4  
  99  8:20  Immortal  
  99  8:32  Blink  
  99  8:45  Stargate  
  99  8:48  Sentry  
  99  8:53  Adept x3  
  107  9:09  Pylon  
  107  9:13  Pylon  
  107  9:15  Protoss Ground Weapons Level 2  
  107  9:16  Pylon  
  107  9:27  Immortal  
  111  9:35  Nexus  
  111  9:38  Assimilator  
  111  9:41  Assimilator  
  111  9:43  Pylon  
  111  9:46  Stalker x3  
  111  9:47  Pylon, Stalker  
  119  9:58  Phoenix  
  121  10:06  Warp Prism  
  123  10:23  Phoenix  
  125  10:42  Observer  
  126  10:48  Phoenix  
  128  11:01  Stalker x4  
  54  11:33  Stalker x4  
Show
View Real Time Build Order
Export as new Build Order

A.I. 1 (Very Hard) Terran - Winner!

Build Orders: MMM Bio 

Get SALT Encoding   

  12  0:00  SCV  
  13  0:13  SCV  
  14  0:19  Supply Depot  
  14  0:25  SCV  
  15  0:40  SCV  
  16  0:43  Barracks  
  16  0:52  SCV  
  17  1:04  SCV  
  18  1:11  Refinery  
  18  1:14  Supply Depot  
  18  1:17  SCV  
  19  1:29  SCV  
  19  1:30  Marine  
  21  1:43  Command Center  
  21  2:06  Barracks  
  21  2:07  SCV  
  22  2:10  Marine  
  22  2:15  Factory  
  23  2:19  SCV  
  24  2:24  Supply Depot  
  24  2:29  Marine  
  25  2:31  SCV  
  26  2:43  SCV  
  27  2:47  Marine  
  28  2:54  Orbital Command  
  28  2:55  SCV  
  29  3:01  Factory Tech Lab  
  29  3:02  Refinery  
  29  3:12  Orbital Command  
  29  3:14  Marine  
  29  3:17  Marine  
  31  3:22  SCV  
  32  3:32  Marine  
  33  3:35  Marine, SCV  
  33  3:37  SCV  
  36  3:46  Barracks  
  36  3:47  SCV  
  37  3:50  Marine, SCV  
  37  3:54  Barracks Tech Lab  
  39  3:59  Starport, SCV  
  39  4:02  SCV  
  41  4:08  Barracks Tech Lab  
  41  4:11  SCV  
  41  4:12  Marine  
  41  4:14  SCV  
  41  4:15  Stimpack  
  44  4:21  Supply Depot  
  44  4:23  SCV  
  45  4:25  Marine  
  45  4:26  Combat Shields, SCV  
  45  4:29  Marine  
  48  4:32  Marine  
  48  4:35  SCV  
  48  4:38  Medivac  
  52  4:42  SCV  
  52  4:43  Marine  
  54  4:46  Supply Depot  
  54  4:47  Marine, SCV  
  54  4:49  Supply Depot  
  54  4:50  Marine  
  57  4:57  SCV  
  58  5:00  SCV  
  58  5:01  Marine  
  58  5:06  Refinery, Marauder  
  62  5:09  Barracks Reactor, SCV  
  62  5:12  SCV  
  63  5:14  Refinery  
  63  5:18  Siege Tank  
  63  5:19  Marauder  
  68  5:21  SCV  
  68  5:24  Supply Depot, SCV  
  68  5:27  Marauder  
  72  5:33  SCV  
  73  5:36  SCV  
  73  5:41  Marauder  
  76  5:45  Engineering Bay, SCV  
  76  5:47  Supply Depot  
  76  5:48  SCV, Marauder  
  80  5:51  Siege Tank  
  80  5:54  Command Center  
  83  5:58  SCV  
  83  6:02  Marauder  
  86  6:09  SCV  
  86  6:10  Supply Depot, SCV, Marauder  
  90  6:12  Terran Infantry Weapons Level 1  
  90  6:21  SCV  
  90  6:23  Siege Tank  
  94  6:30  Engineering Bay  
  94  6:32  Marauder  
  96  6:33  Missile Turret  
  96  6:37  Supply Depot, Marauder  
  98  6:41  Concussive Shells  
  98  6:44  Missile Turret  
  98  6:48  Starport Reactor, Barracks  
  98  6:53  Marauder  
  100  6:55  Terran Infantry Armor Level 1  
  100  6:58  Siege Tank  
  100  6:59  Marauder  
  100  7:00  Supply Depot  
  105  7:06  Orbital Command, SCV  
  105  7:07  SCV  
  107  7:15  Marauder  
  109  7:18  SCV  
  109  7:19  SCV  
  109  7:20  Missile Turret  
  111  7:23  Missile Turret  
  111  7:24  Medivac  
  113  7:30  SCV, Siege Tank  
  113  7:31  SCV  
  113  7:32  SCV  
  113  7:34  Supply Depot  
  119  7:43  SCV  
  121  7:44  Missile Turret, SCV  
  121  7:45  SCV  
  122  7:52  Medivac  
  122  7:54  Refinery  
  122  7:55  SCV  
  122  7:56  SCV  
  122  7:57  SCV  
  122  7:58  Supply Depot, Marauder  
  129  8:00  Marauder  
  129  8:03  Siege Tank  
  133  8:07  SCV  
  133  8:08  SCV  
  135  8:14  Refinery  
  135  8:16  SCV  
  135  8:18  Viking  
  135  8:19  SCV, Marauder  
  141  8:21  Viking  
  141  8:22  Supply Depot, SCV, Marauder  
  146  8:34  Armory  
  146  8:43  SCV  
  146  8:46  Supply Depot  
  147  8:48  Viking  
  147  8:51  Missile Turret, Viking  
  147  8:53  Widow Mine  
  147  8:54  Armory  
  153  8:57  Marauder  
  155  9:08  Marauder  
  157  9:10  Supply Depot  
  157  9:11  Missile Turret  
  157  9:18  Marauder  
  157  9:22  Widow Mine  
  157  9:23  Terran Vehicle And Ship Armor Level 1, Terran Infantry Weapons Level 2  
  161  9:25  Factory  
  161  9:28  Command Center  
  161  9:30  Marauder  
  163  9:33  Supply Depot  
  163  9:41  Terran Vehicle Weapons Level 1  
  163  9:47  Starport  
  163  9:48  Hi-Sec Auto Tracking  
  163  9:50  Widow Mine  
  165  9:58  Supply Depot  
  165  10:00  Missile Turret  
  165  10:01  Missile Turret  
  165  10:07  Widow Mine, Medivac  
  169  10:18  Barracks Tech Lab, Barracks  
  169  10:20  Marine x3  
  169  10:21  Marine  
  173  10:22  Missile Turret, Cyclone  
  173  10:24  Supply Depot, Starport Tech Lab  
  176  10:37  Marine, Factory Tech Lab  
  176  10:40  Marine x2  
  176  10:41  Marine x2  
  181  10:42  Raven  
  181  10:43  Planetary Fortress, Refinery  
  181  10:45  High Capacity Fuel Tanks  
  183  10:50  Liberator  
  183  10:52  Missile Turret  
  183  10:54  Missile Turret  
  183  10:55  Marine, Cyclone  
  183  10:56  Missile Turret, Siege Tank  
  190  11:00  Refinery, Command Center  
  193  11:11  Marauder  
  193  11:13  Marine  
  193  11:14  Marine x2  
  193  11:15  Marauder  
  193  11:16  Marine  
  157  11:31  Marine x2  
  157  11:32  Marine  
  159  11:33  Marauder  
  159  11:34  Marine  
Tags
 
Composition
MMM Bio
Matchup
PvT
Add a new tag
Caveats
  • Supply blocks, unpowered buildings, or Contaminate may cause inaccurate times.
  • Supply counts are checked every 10 seconds.